 Dungeon Crawl Stone Soup version 0.27.1-4-g1640c2035a (webtiles) character file.

Game seed: 12297926613491150065

28 Brecoman the Skirmisher (level 2, 0/23 (24) HPs)
             Began as a Demonspawn Monk on Nov 12, 2021.
             Was a Believer of Qazlal.
             Succumbed to an adder's poison
             ... on level 2 of the Dungeon.
             The game lasted 00:06:38 (1836 turns).

Brecoman the Skirmisher (Demonspawn Monk)           Turns: 1836, Time: 00:06:39

HP:   0/23 (24)     AC:  3    Str: 11    XL:     2   Next: 96%
MP:   2/2           EV: 12    Int: 11    God:    Qazlal [**....]
Gold: 54            SH:  2    Dex: 15    Spells: 1/1 levels left

rFire    . . .     SeeInvis .   e - +0 short sword (drain)
rCold    . . .     Faith    .   (no shield)
rNeg     . . .     Spirit   .   g - +0 leather armour
rPois    .         Reflect  .   (no helmet)
rElec    .         Harm     .   (no cloak)
rCorr    .         Rampage  .   (no gloves)
Will     .....                  (no boots)
Stlth    ++........             (no amulet)
HPRegen  0.07/turn              (no ring)
MPRegen  0.08/turn              (no ring)

@: lethally poisoned (0 -> -1), lightly drained
A: demonic magic 1
a: Renounce Religion, Upheaval


You were on level 2 of the Dungeon.
You worshipped Qazlal.
Qazlal was pleased with you.
You visited 1 branch of the dungeon, and saw 2 of its levels.

You collected 54 gold pieces.

Inventory:

Hand Weapons
 a - a +0 hand axe
 e - a +0 short sword of draining (weapon)
Missiles
 d - 34 stones (quivered)
Armour
 b - a +0 robe
 g - a +0 leather armour (worn)
Magical Staves
 j - a staff of conjuration
Scrolls
 c - a scroll of magic mapping {unknown}
 i - a scroll of fear {unknown}
 l - a scroll of holy word {unknown}
Potions
 f - a potion of flight {unknown}
 h - a potion of invisibility {unknown}
 k - a potion of haste


   Skills:
 + Level 3.3 Fighting
 - Level 2.8 Axes
 + Level 3.1 Dodging
 - Level 2.2 Stealth
 * Level 0.1 Invocations


You had one spell level left.
You didn't know any spells.
Your spell library was empty.

Dungeon Overview and Level Annotations

Branches:
Dungeon (2/15)

Altars:
Qazlal


Innate Abilities, Weirdness & Mutations

Spells you cast may paralyse adjacent enemies.


Message History

The adder bites you but does no damage. The adder bites you.
The adder closely misses you. The adder misses you.
The adder bites you but does no damage. The adder bites you.
You block the adder's attack. The adder bites you.
The adder bites you but does no damage. You block the adder's attack.
The adder closely misses you. The adder bites you.
You are poisoned.
The adder poisons you!
You feel sick.
You feel sick.
You feel sick.
You feel sick. The adder barely misses you.
You feel sick.
You are no longer poisoned.
The adder bites you but does no damage. The adder barely misses you.
The adder bites you. You block the adder's attack. The adder barely misses you.
The adder misses you. The adder bites you but does no damage.
The adder bites you.
You are poisoned.
The adder poisons you!
* * * LOW HITPOINT WARNING * * *
You feel sick.
* * * LOW HITPOINT WARNING * * *
You feel sick.
* * * LOW HITPOINT WARNING * * *
You feel sick. The adder bites you.
* * * LOW HITPOINT WARNING * * *
* * * LOW HITPOINT WARNING * * *
You feel sick.
You die...

.....#.......#
#.##....#
.....#######.#
#.##....# ...## #.#
#.##....####### ...
#.# #.#.....[.....#
... #.#
#.#.#########.# #.#
#.#.##.#....#.# #.#
#S#.#.......#.#
#.###.#.##.##.###.#
#....@.....#..# #.#
#####.#....#.## #<#
#.#....#.# #.#
#<.......# #.#
###.....## #.####
#####.#####.....
#.....PPPPP.
#####^P$$$P.
#.P$$$P.


You could see an adder.

Vanquished Creatures
  A dart slug (D:1)
  3 goblins
  4 hobgoblins (D:1)
  2 kobolds (D:1)
  2 quokkas (D:1)
  2 ball pythons (D:1)
  2 bats (D:1)
  3 frilled lizards (D:1)
  6 rats (D:1)
25 creatures vanquished.

Vanquished Creatures (others)
  6 plants (D:1)
  5 toadstools (D:2)
11 creatures vanquished.

Grand Total: 36 creatures vanquished

Notes
Turn   | Place    | Note
-------+----------+-------------------------------------------
     0 | D:1      | Brecoman the Demonspawn Monk began the quest for the Orb.
     0 | D:1      | Reached XP level 1. HP: 18/18 MP: 1/1
   335 | D:1      | Gained mutation: Spells you cast may paralyse adjacent
                  | enemies. [demonic ancestry]
   335 | D:1      | Reached XP level 2. HP: 20/24 MP: 2/2
   777 | D:1      | Found a faded altar of an unknown god.
  1269 | D:2      | Found a stormy altar of Qazlal.
  1274 | D:2      | Became a worshipper of Qazlal Stormbringer
  1274 | D:2      | Reached * piety under Qazlal
  1274 | D:2      | Reached ** piety under Qazlal
  1835 | D:2      | HP: 1/23 [poisoned by an adder]
  1836 | D:2      | Succumbed to an adder's poison

Illustrated notes

Levels and vault maps discovered:
D:1:      dpeg_arrival_ternary, layout_basic, ebering_ecumenical_altar_box,
          serial_bayou_pond_a
D:2:      layout_basic, basic_altar, minmay_gold_behind_fungi,
          minmay_pentomino_o4, uniq_natasha

Skill      XL: |  1  2 |
---------------+-------+-----
Stealth        | 2 |  2.2
Dodging        | 3 |  3.1
Fighting       | |  3.3
Axes           | |  2.8
Invocations    | |  0.1

Action                   || total
-------------------------++-------
Melee: Hand axe          ||    31
       Short sword       ||    30
Throw: Stone             ||     1
  Use: Potion            ||     1
 Stab: Sleeping          ||     3
Armor: Robe              ||     7
       Leather armour    ||    14
Dodge: Dodged            ||    53
Block: Other             ||     4
